HSSL
MADAWASKA VALLEY HS WOLVES @ MOUNTAIN POINTE HS
05/11/2024
 
TOP OF THE 1ST
Madawaska Valley HS Wolves batting - Pitching for Mountain Pointe HS : RHP Arnold Jacobson
Pitching: RHP Arnold Jacobson
Batting: LHB Wayne Rogers 0-0: Called Strike
0-1: Ball
1-1: Foul Ball, location: 2F
1-2: Ball
2-2: Ball
3-2: SINGLE (Groundball, 4M)
Batting: RHB Hubert MacDonald 0-0: Ball
1-0: Swinging Strike
1-1: Ball
2-1: Foul Ball, location: 2F
2-2: Fly out, F3 (Popup, 9LS)
Batting: RHB Jim Turner 0-0: Ball
1-0: Ball
2-0: Ball
3-0: Called Strike
3-1: SINGLE (Groundball, 6MD)
Wayne Rogers to second
Batting: LHB John Clark 0-0: Called Strike
0-1: Ball
1-1: Swinging Strike
1-2: Ball
Wild Pitch!
Wayne Rogers to third
Jim Turner to second
2-2: Ball
3-2: SINGLE (Line Drive, 8RS)
Wayne Rogers scores
Jim Turner to third
Runner from 3rd tries for Home, SAFE, throw made home
Batting: RHB Aaron Duncan 0-0: Ball
1-0: Ball
2-0: Called Strike
2-1: Called Strike
2-2: Ball
3-2: Foul Ball, location: 2F
3-2: Strikes out swinging
Batting: LHB Ronald Wallace 0-0: Called Strike
0-1: Foul Ball, location: 2F
0-2: Ball
1-2: Foul Ball, location: 2F
1-2: Foul Ball, location: 2F
1-2: Ball
2-2: Foul Ball, location: 2F
2-2: Fly out, F7 (Flyball, 78M)
Top of the 1st over - 2 run(s), 3 hit(s), 0 error(s), 1 left on base; Madawaska Valley HS 2 - Mountain Pointe HS 0
BOTTOM OF THE 1ST
Mountain Pointe HS batting - Pitching for Madawaska Valley HS Wolves : RHP Clifton Davis
Pitching: RHP Clifton Davis
Batting: RHB Ben Wilson 0-0: Called Strike
0-1: Swinging Strike
0-2: Ground out 5-3 (Groundball, 5S)
Batting: RHB Jon Newsome 0-0: Ball
1-0: Ball
2-0: Ball
3-0: Called Strike
3-1: Base on Balls
Batting: RHB Jamie Swyers 0-0: Ball
1-0: Ball
2-0: Foul Ball, location: 2F
2-1: Foul Ball, location: 2F
2-2: Foul Ball, location: 2F
2-2: Ball
3-2: Grounds into double play, 4-6-3 (Groundball, 4)
Bottom of the 1st over - 0 run(s), 0 hit(s), 0 error(s), 0 left on base; Madawaska Valley HS 2 - Mountain Pointe HS 0
TOP OF THE 2ND
Madawaska Valley HS Wolves batting - Pitching for Mountain Pointe HS : RHP Arnold Jacobson
Batting: SHB Steve Miner 0-0: Ball
1-0: SINGLE (Line Drive, 4D)
Batting: SHB Russ Beasley 0-0: Called Strike
0-1: Ball
1-1: Ball
2-1: Swinging Strike
2-2: Ball
3-2: Strikes out swinging
Batting: SHB Wilson Bray 0-0: Ball
1-0: Foul Ball, location: 2F
1-1: Grounds into double play, 4-6-3 (Groundball, 4)
Top of the 2nd over - 0 run(s), 1 hit(s), 0 error(s), 0 left on base; Madawaska Valley HS 2 - Mountain Pointe HS 0
BOTTOM OF THE 2ND
Mountain Pointe HS batting - Pitching for Madawaska Valley HS Wolves : RHP Clifton Davis
Batting: RHB Roberto Pérez 0-0: Ball
1-0: SINGLE (Popup, 6)
Batting: RHB John Howell 0-0: Called Strike
0-1: Foul Ball, location: 2F
0-2: Fly out, F9 (Flyball, 9LS)
Batting: LHB Brian Turner 0-0: Called Strike
0-1: Ball
1-1: Foul Ball, location: 2F
1-2: Ball
2-2: Ball
3-2: Foul Ball, location: 2F
3-2: Base on Balls
Roberto Pérez to second
Batting: RHB Scott Dixon 0-0: Hit by Pitch
Roberto Pérez to third
Brian Turner to second
Batting: RHB Marshall Gross 0-0: Fly out, F8 (Flyball, 8LM)
Runner from 3rd tags up, SCORES, throw made
Batting: RHB Ted Williamson 0-0: Called Strike
0-1: Ball
1-1: Foul Ball, location: 2F
1-2: Strikes out swinging
Bottom of the 2nd over - 1 run(s), 1 hit(s), 0 error(s), 2 left on base; Madawaska Valley HS 2 - Mountain Pointe HS 1
TOP OF THE 3RD
Madawaska Valley HS Wolves batting - Pitching for Mountain Pointe HS : RHP Arnold Jacobson
Batting: LHB Wayne Rogers 0-0: Ball
1-0: Ball
2-0: Swinging Strike
2-1: Called Strike
2-2: Ball
3-2: Base on Balls
Batting: RHB Hubert MacDonald 0-0: Ball
1-0: Ball
2-0: Ball
3-0: Base on Balls
Wayne Rogers to second
Batting: RHB Jim Turner 0-0: Foul Ball, location: 2F
0-1: Called Strike
0-2: Fly out, F6 (Popup, 5D)
Batting: LHB John Clark 0-0: Called Strike
0-1: Swinging Strike
0-2: Ball
1-2: Ball
2-2: Ball
3-2: Foul Ball, location: 2F
3-2: SINGLE (Line Drive, 89S)
Wayne Rogers to third
Hubert MacDonald to second
Batting: RHB Aaron Duncan 0-0: Ball
1-0: Ball
2-0: Ball
3-0: Called Strike
3-1: Base on Balls
Wayne Rogers scores
Hubert MacDonald to third
John Clark to second
Batting: LHB Ronald Wallace 0-0: Foul Ball, location: 2F
0-1: Ball
1-1: Ball
2-1: Fly out, F8 (Flyball, 8LD)
Runner from 3rd tags up, SCORES, throw made
Batting: SHB Steve Miner 0-0: SINGLE (Line Drive, 56)
John Clark to third
Aaron Duncan to second
Batting: SHB Russ Beasley 0-0: Ball
1-0: SINGLE (Line Drive, 4MD)
John Clark scores
Aaron Duncan to third
Steve Miner to second
Runner from 3rd tries for Home, SAFE, throw made at trailing runner, OUT at third!
Top of the 3rd over - 4 run(s), 3 hit(s), 0 error(s), 1 left on base; Madawaska Valley HS 6 - Mountain Pointe HS 1
BOTTOM OF THE 3RD
Mountain Pointe HS batting - Pitching for Madawaska Valley HS Wolves : RHP Clifton Davis
Batting: RHB Ben Wilson 0-0: Ball
1-0: Ball
2-0: SOLO HOME RUN (Flyball, 7D), Distance : 389 ft
Batting: RHB Jon Newsome 0-0: Fly out, F7 (Flyball, 78S)
Batting: RHB Jamie Swyers 0-0: Ball
1-0: SINGLE (Line Drive, 78S)
Batting: RHB Roberto Pérez 0-0: Ball
1-0: Foul Ball, location: 2F
1-1: Swinging Strike
1-2: Ball
2-2: Ball
Jamie Swyers steals 2nd base
3-2: Foul Ball, location: 2F
Single, Error in OF, E7, batter to second base
Jamie Swyers scores
Batting: RHB John Howell 0-0: Ground out 5-3 (Groundball, 56)
Batting: LHB Brian Turner 0-0: Foul Ball, location: 2F
0-1: Ball
1-1: Fly out, F5 (Popup, 5F)
Bottom of the 3rd over - 2 run(s), 3 hit(s), 1 error(s), 1 left on base; Madawaska Valley HS 6 - Mountain Pointe HS 3
TOP OF THE 4TH
Madawaska Valley HS Wolves batting - Pitching for Mountain Pointe HS : RHP Arnold Jacobson
Pitching: RHP Greg Connor
Batting: SHB Wilson Bray 0-0: Ball
1-0: Ball
2-0: Called Strike
2-1: Called Strike
2-2: Ground out U3 (Groundball, 3S)
Batting: LHB Wayne Rogers 0-0: Foul Ball, location: 2F
0-1: Swinging Strike
0-2: Ball
1-2: Ball
2-2: Fly out, F5 (Popup, 5F)
Batting: RHB Hubert MacDonald 0-0: Called Strike
0-1: Ball
1-1: Foul Ball, location: 2F
1-2: Foul Ball, location: 2F
1-2: Foul Ball, location: 2F
1-2: Strikes out swinging
Top of the 4th over - 0 run(s), 0 hit(s), 0 error(s), 0 left on base; Madawaska Valley HS 6 - Mountain Pointe HS 3
BOTTOM OF THE 4TH
Mountain Pointe HS batting - Pitching for Madawaska Valley HS Wolves : RHP Clifton Davis
Batting: RHB Scott Dixon 0-0: Ball
1-0: Foul Ball, location: 2F
1-1: Swinging Strike
1-2: Foul Ball, location: 2F
1-2: Ground out 6-3 (Groundball, 6)
Batting: RHB Marshall Gross 0-0: Ball
1-0: Called Strike
1-1: SINGLE (Groundball, 56D)
Batting: RHB Ted Williamson 0-0: Ball
1-0: Ball
2-0: Foul Ball, location: 2F
2-1: SINGLE (Flyball, 7S)
Marshall Gross to second
Batting: RHB Ben Wilson 0-0: Called Strike
0-1: Foul Ball, location: 2F
0-2: Foul Ball, location: 2F
0-2: Ball
1-2: Foul Ball, location: 2F
1-2: Ball
2-2: Foul Ball, location: 2F
2-2: Ball
3-2: Base on Balls
Marshall Gross to third
Ted Williamson to second
Batting: RHB Jon Newsome 0-0: Ball
1-0: Foul Ball, location: 2F
1-1: Grounds into double play, 6-4-3 (Groundball, 6)
Bottom of the 4th over - 0 run(s), 2 hit(s), 0 error(s), 2 left on base; Madawaska Valley HS 6 - Mountain Pointe HS 3
TOP OF THE 5TH
Madawaska Valley HS Wolves batting - Pitching for Mountain Pointe HS : RHP Greg Connor
Batting: RHB Jim Turner 0-0: SINGLE (Line Drive, 8LS)
Batting: LHB John Clark 0-0: Called Strike
0-1: Foul Ball, location: 2F
0-2: Ball
1-2: Foul Ball, location: 2F
1-2: Strikes out swinging
Batting: RHB Aaron Duncan 0-0: Ball
1-0: Foul Ball, location: 2F
1-1: Ground out 5-3 (Groundball, 5S)
Jim Turner to second
Batting: LHB Ronald Wallace 0-0: Ball
1-0: Called Strike
1-1: Foul Ball, location: 2F
1-2: Ball
2-2: Foul Ball, location: 2F
2-2: Foul Ball, location: 2F
2-2: Strikes out swinging
Top of the 5th over - 0 run(s), 1 hit(s), 0 error(s), 1 left on base; Madawaska Valley HS 6 - Mountain Pointe HS 3
BOTTOM OF THE 5TH
Mountain Pointe HS batting - Pitching for Madawaska Valley HS Wolves : RHP Clifton Davis
Batting: RHB Jamie Swyers 0-0: Ball
1-0: Ball
2-0: Swinging Strike
2-1: Ball
3-1: Base on Balls
Batting: RHB Roberto Pérez 0-0: Ball
1-0: Ball
2-0: Called Strike
2-1: Foul Ball, location: 2F
2-2: Ball
Jamie Swyers steals 2nd base
3-2: SINGLE (Line Drive, 89S)
Jamie Swyers to third
Runner from 3rd tries for Home, SAFE, no throw or cutoff
Pitching: RHP Mike Campbell
Batting: RHB John Howell 0-0: Ball
1-0: Ball
2-0: Called Strike
2-1: Fielders Choice at 2nd, 6-4 (Groundball, 6M)
Batting: LHB Brian Turner 0-0: Ball
1-0: Swinging Strike
1-1: Ball
2-1: Fielders Choice at 2nd, 4-6 (Groundball, 34)
Batting: RHB Scott Dixon 0-0: Ball
1-0: Ground out 4-3 (Groundball, 34)
Bottom of the 5th over - 1 run(s), 1 hit(s), 0 error(s), 1 left on base; Madawaska Valley HS 6 - Mountain Pointe HS 4
TOP OF THE 6TH
Madawaska Valley HS Wolves batting - Pitching for Mountain Pointe HS : RHP Greg Connor
Batting: SHB Steve Miner 0-0: SOLO HOME RUN (Flyball, 9D), Distance : 393 ft
Batting: SHB Russ Beasley 0-0: Called Strike
0-1: Foul Ball, location: 2F
0-2: Ball
1-2: Ball
2-2: Strikes out swinging
Batting: SHB Wilson Bray 0-0: Ball
1-0: Called Strike
1-1: Ball
2-1: Ground out 1-3 (Groundball, 13S)
Batting: LHB Wayne Rogers 0-0: Ball
1-0: Ball
2-0: Ball
3-0: Called Strike
3-1: Fly out, F8 (Line Drive, 8LM)
Top of the 6th over - 1 run(s), 1 hit(s), 0 error(s), 0 left on base; Madawaska Valley HS 7 - Mountain Pointe HS 4
BOTTOM OF THE 6TH
Mountain Pointe HS batting - Pitching for Madawaska Valley HS Wolves : RHP Mike Campbell
Batting: RHB Marshall Gross 0-0: Called Strike
0-1: Ball
1-1: Called Strike
1-2: DOUBLE (Line Drive, 3)
Batting: RHB Ted Williamson 0-0: Called Strike
0-1: Swinging Strike
0-2: Strikes out swinging
Batting: RHB Ben Wilson 0-0: Ball
1-0: Fly out, F8 (Line Drive, 8LM)
Batting: RHB Jon Newsome 0-0: Ball
1-0: Foul Ball, location: 2F
1-1: Fly out, F7 (Flyball, 7LD)
Bottom of the 6th over - 0 run(s), 1 hit(s), 0 error(s), 1 left on base; Madawaska Valley HS 7 - Mountain Pointe HS 4
TOP OF THE 7TH
Madawaska Valley HS Wolves batting - Pitching for Mountain Pointe HS : RHP Greg Connor
Pitching: LHP Orlando Sánchez
Batting: RHB Hubert MacDonald 0-0: Ball
1-0: Called Strike
1-1: Called Strike
1-2: Ball
2-2: Strikes out looking
Batting: RHB Jim Turner 0-0: Called Strike
0-1: Ground out 1-3 (Groundball, 3S)
Batting: LHB John Clark 0-0: Ball
1-0: Ball
2-0: Called Strike
2-1: Ball
3-1: Fly out, F9 (Flyball, 89M)
Top of the 7th over - 0 run(s), 0 hit(s), 0 error(s), 0 left on base; Madawaska Valley HS 7 - Mountain Pointe HS 4
BOTTOM OF THE 7TH
Mountain Pointe HS batting - Pitching for Madawaska Valley HS Wolves : RHP Mike Campbell
Pitching: RHP Teddy Foster
Batting: RHB Jamie Swyers 0-0: SOLO HOME RUN (Flyball, 7D) (Inside the Park)
Batting: RHB Roberto Pérez 0-0: Swinging Strike
0-1: Called Strike
0-2: Strikes out swinging
Batting: RHB John Howell 0-0: Ground out 4-3 (Groundball, 4)
Batting: LHB Brian Turner 0-0: Called Strike
0-1: Foul Ball, location: 2F
0-2: SOLO HOME RUN (Line Drive, 7D), Distance : 418 ft
Batting: RHB Scott Dixon 0-0: Ball
1-0: Ball
2-0: Fly out, F6 (Popup, 6)
Bottom of the 7th over - 2 run(s), 2 hit(s), 0 error(s), 0 left on base; Madawaska Valley HS 7 - Mountain Pointe HS 6
TOP OF THE 8TH
Madawaska Valley HS Wolves batting - Pitching for Mountain Pointe HS : LHP Orlando Sánchez
Batting: RHB Aaron Duncan 0-0: Ball
1-0: Called Strike
1-1: SOLO HOME RUN (Flyball, 7LD), Distance : 375 ft
Batting: LHB Ronald Wallace 0-0: Called Strike
0-1: Fly out, F9 (Flyball, 89D)
Batting: SHB Steve Miner 0-0: Called Strike
0-1: Ground out 3-1 (Groundball, 34S)
Batting: SHB Russ Beasley 0-0: Ball
1-0: Ball
2-0: Foul Ball, location: 2F
2-1: Foul Ball, location: 2F
2-2: Strikes out looking
Top of the 8th over - 1 run(s), 1 hit(s), 0 error(s), 0 left on base; Madawaska Valley HS 8 - Mountain Pointe HS 6
BOTTOM OF THE 8TH
Mountain Pointe HS batting - Pitching for Madawaska Valley HS Wolves : RHP Teddy Foster
Batting: RHB Marshall Gross 0-0: Ball
1-0: Fly out, F4 (Popup, 4D)
Batting: RHB Ted Williamson 0-0: Ball
1-0: Ball
2-0: DOUBLE (Line Drive, 9LM)
Pitching: RHP Ken Edwards
Batting: RHB Ben Wilson 0-0: Ball
1-0: Ball
2-0: Ball
3-0: Base on Balls
Batting: RHB Jon Newsome 0-0: Swinging Strike
0-1: Swinging Strike
0-2: Strikes out swinging
Batting: RHB Jamie Swyers 0-0: Called Strike
0-1: Ball
1-1: Swinging Strike
1-2: Ball
2-2: Ball
3-2: Foul Ball, location: 2F
3-2: Strikes out looking
Bottom of the 8th over - 0 run(s), 1 hit(s), 0 error(s), 2 left on base; Madawaska Valley HS 8 - Mountain Pointe HS 6
TOP OF THE 9TH
Madawaska Valley HS Wolves batting - Pitching for Mountain Pointe HS : LHP Orlando Sánchez
Pitching: RHP Artie Smith
Batting: SHB Wilson Bray 0-0: Called Strike
0-1: Ball
1-1: Ball
2-1: Ball
3-1: Called Strike
3-2: Foul Ball, location: 2F
3-2: Foul Ball, location: 2F
3-2: Foul Ball, location: 2F
3-2: SINGLE (Line Drive, 7S)
Batting: LHB Wayne Rogers 0-0: Ball
1-0: Sac Bunt - play at first, batter OUT! 1-4
Wilson Bray to second
Batting: RHB Hubert MacDonald 0-0: Ball
1-0: Ball
2-0: Ball
3-0: Called Strike
3-1: Fly out, F3 (Line Drive, 34S)
Batting: RHB Jim Turner 0-0: Called Strike
0-1: Ball
1-1: Ground out 6-3 (Groundball, 6S)
Top of the 9th over - 0 run(s), 1 hit(s), 0 error(s), 1 left on base; Madawaska Valley HS 8 - Mountain Pointe HS 6
BOTTOM OF THE 9TH
Mountain Pointe HS batting - Pitching for Madawaska Valley HS Wolves : RHP Ken Edwards
Pitching: LHP Tim Davidson
Batting: RHB Roberto Pérez 0-0: Ball
1-0: Ball
2-0: Swinging Strike
2-1: Ball
3-1: Foul Ball, location: 2F
3-2: Strikes out swinging
Batting: RHB John Howell 0-0: Called Strike
0-1: Ball
1-1: Called Strike
1-2: Strikes out swinging
Batting: LHB Brian Turner 0-0: Called Strike
0-1: Foul Ball, location: 2F
0-2: Foul Ball, location: 2F
0-2: Ball
1-2: Ball
2-2: Ball
3-2: Foul Ball, location: 2F
3-2: Foul Ball, location: 2F
3-2: Fly out, F8 (Flyball, 8LM)
Bottom of the 9th over - 0 run(s), 0 hit(s), 0 error(s), 0 left on base; Madawaska Valley HS 8 - Mountain Pointe HS 6
This league is powered by Out of the Park Baseball, the baseball management simulation game for PC, Mac and Linux
Saturday, April 9th, 2016 - OOTP Baseball 16.8 Build 38